 Dungeon Crawl Stone Soup version 0.31-a0-1576-ga3383bade6 (webtiles) character file.

Game seed: 11055773526835854162

6 innerfire43 the Shield-Bearer (level 1, 0/24 HPs)
             Began as a Demonspawn Wanderer on Jan 4, 2024.
             Succumbed to an adder's poison
             ... on level 1 of the Dungeon.
             The game lasted 00:01:31 (790 turns).

innerfire43 the Shield-Bearer (Demonspawn Wanderer)  Turns: 790, Time: 00:01:31

Health: 0/24       AC: 20    Str:  9    XL:     1   Next: 75%
Magic:  2/2        EV:  2    Int: 11    God:
Gold:   51         SH:  7    Dex: 16    Spells: 0/0 levels left

rFire   . . .        a - +0 dagger
rCold   . . .        e - +2 buckler
rNeg    . . .        c - melded +0 scale mail
rPois   +            (helmet currently unavailable)
rElec   .            (cloak currently unavailable)
rCorr   .            (gloves currently unavailable)
SInv    .            h - melded +0 pair of boots
Will    .....        (no amulet)
Stlth   +            (no ring)
HPRegen 0.24/turn    (no ring)
MPRegen 0.08/turn

%: no passive effects
@: lethally poisoned (0 -> -8), tree-form
A: stationary, stasis, torment immunity, boosted hp
a: no special abilities


You were on level 1 of the Dungeon.
You were a tree.
You visited 1 branch of the dungeon, and saw 2 of its levels.

You collected 51 gold pieces.

Inventory:

Hand Weapons
 a - a +0 dagger (weapon)
Armour
 c - a +0 scale mail (melded)
 e - a +2 buckler (worn)
 h - a +0 pair of boots (melded)
Scrolls
 f - a scroll of butterflies {unknown}
 g - a scroll of amnesia {unknown}
 i - 2 scrolls of identify {unknown}
 j - a scroll of enchant armour {unknown}
 k - a scroll of brand weapon {unknown}
Potions
 d - a potion of attraction


   Skills:
 + Level 2.1 Fighting
 + Level 1.1 Armour
 - Level 1.0 Dodging
 * Level 3.7 Shields
 + Level 1.5 Invocations
 - Level 1.0 Evocations


You couldn't memorise any spells.
You didn't know any spells.
Your spell library was empty.

Dungeon Overview and Level Annotations

Branches:
Dungeon (2/15)

Altars:


Message History

The adder poisons you!
It was a potion of curing.
You feel better. You block the adder's attack.
The hobgoblin hits you but does no damage.
The hobgoblin hits you but does no damage.
The adder bites you but does no damage.
There is a stone staircase leading up here.
The hobgoblin closely misses you. The adder bites you but does no damage.
You climb upwards.
There is a stone staircase leading down here.
You hit the hobgoblin but do no damage. The adder bites you but does no damage.
You block the hobgoblin's attack.
You hit the hobgoblin.
The hobgoblin is lightly wounded.
The adder barely misses you. The hobgoblin barely misses you.
The adder bites you but does no damage.
You closely miss the hobgoblin.
The hobgoblin is lightly wounded.
The hobgoblin hits you but does no damage.
The adder barely misses you.
You barely miss the hobgoblin.
The hobgoblin is lightly wounded.
You block the adder's attack. The hobgoblin hits you.
You hit the hobgoblin.
The hobgoblin is heavily wounded.
The adder bites you.
You are poisoned.
The adder poisons you! The hobgoblin hits you. The adder bites you.
* * * LOW HITPOINT WARNING * * *
You are more poisoned.
The adder poisons you!
You turn into a tree.
Your +0 pair of boots melds into your body.
Your +0 scale mail melds into your body.
Your roots penetrate the ground.
* * * LOW HITPOINT WARNING * * *
You feel very sick. You block the hobgoblin's attack.
The adder bites you but does no damage.
You closely miss the hobgoblin.
The hobgoblin is heavily wounded.
You die...

......# #.#...###...# #####.#
#....## ##..# ...#..# #####
##########..#
##...#####...##########.....#
#............#.........###.#
#...#............#.##..###.#
#...#............#.........#
##...#.......##Sg.#..##########
.....#.......###♣)............#
.....#.......###..###########.#
....##.........#..##### #.#
....##......##.#......# #.#
.....#......##..#.###.#######.#
.....##########...............#
.....# #...###.######### .....#
#...# #.....# .....#
#...#######.#


You could see an adder and a hobgoblin.

Vanquished Creatures
  2 kobolds (D:1)
  2 ball pythons (D:1)
  A bat (D:1)
  A frilled lizard (D:1)
  2 rats (D:1)
8 creatures vanquished.

Notes
Turn   | Place    | Note
-------+----------+-------------------------------------------
     0 | D:1      | innerfire43 the Demonspawn Wanderer began the quest for the
                  | Orb.
     0 | D:1      | innerfire43 set off with the following items: a +0 dagger,
                  | a potion of lignification, a +0 scale mail, a potion of
                  | attraction, a +2 buckler.
     0 | D:1      | Reached XP level 1. HP: 16/16 MP: 1/1
   789 | D:1      | HP: 1/24 [poisoned by an adder]
   790 | D:1      | Succumbed to an adder's poison

Illustrated notes

Levels and vault maps discovered:
D:1:      dpeg_arrival_round_a, layout_basic, minmay_misc_feat_more_columns
D:2:      layout_loops_ring, basic_ecumenical_altar

Action                     || total
---------------------------++-------
  Melee: Dagger            ||    39
    Use: Potion            ||     2
 Armour: Scale mail        ||    37
         Skin              ||     1
  Dodge: Dodged            ||    18
  Block: Buckler           ||    13

Table legend: (Time is in decaauts)
 A = Elapsed time spent in this place.
 B = Non-inter-level travel time spent in this place.
 C = Inter-level travel time spent in this place.
 D = Time resting spent in this place.
 E = Time spent auto-exploring this place.
 F = Levels seen in this place.
 G = Mean time per level.
                   A        B        C        D        E       F      G
               +--------+--------+--------+--------+--------+-----+--------+
         Total |    792 |    792 |      0 |      0 |    667 |   2 |  396.0 |
       Dungeon |    792 |    792 |      0 |      0 |    667 |   2 |  396.0 |
               +--------+--------+--------+--------+--------+-----+--------+

Top non-repeatable levels by time:
     D:1: 779 daAuts
     D:2: 13 daAuts
